Map: Ascension to Aiur LE

Players

ShoWTimE - Winner!

  • Race: Protoss Protoss
  • Spawn Location: 11:00

Bly

  • Race: Zerg Zerg
  • League: Master
  • Spawn Location: 5:00

Event: HomeStory Cup XV

VOD

Have the link to the VOD?

Description

Time

  • Played on: July 22, 2017, 6:47 a.m.
  • Length: 13:39

All games in this series

Show
View Real Time Build Order
Export as new Build Order

ShoWTimE Protoss - Winner!

Build Orders: 1 Gate Expand, Oracle Opening, Phoenix Opening 

Get SALT Encoding   

  12  0:00  Probe (Chrono Boost)  
  13  0:11  Probe (Chrono Boost)  
  14  0:17  Pylon  
  14  0:22  Probe (Chrono Boost)  
  16  0:35  Probe (Chrono Boost)  
  16  0:38  Gateway  
  16  0:46  Probe (Chrono Boost)  
  16  0:48  Assimilator  
  17  0:56  Probe (Chrono Boost)  
  18  1:07  Probe (Chrono Boost)  
  19  1:22  Nexus  
  20  1:25  Probe (Chrono Boost)  
  20  1:35  Cybernetics Core  
  20  1:38  Probe (Chrono Boost)  
  21  1:47  Assimilator  
  21  1:49  Probe (Chrono Boost)  
  21  1:52  Pylon  
  22  1:59  Probe (Chrono Boost)  
  23  2:10  Probe (Chrono Boost)  
  23  2:11  Adept (Chrono Boost)  
  23  2:12  Warp Gate  
  27  2:22  Probe  
  27  2:34  Probe x2  
  27  2:35  Stargate  
  29  2:38  Adept (Chrono Boost)  
  31  2:44  Probe  
  31  2:47  Probe  
  33  2:55  Probe  
  34  2:59  Probe (Chrono Boost)  
  34  3:05  Pylon  
  35  3:07  Probe (Chrono Boost)  
  35  3:11  Probe (Chrono Boost)  
  37  3:16  Probe (Chrono Boost)  
  37  3:18  Oracle (Chrono Boost)  
  41  3:21  Probe  
  41  3:24  Gateway  
  41  3:26  Probe  
  42  3:28  Gateway  
  42  3:30  Adept  
  42  3:33  Probe  
  46  3:38  Probe  
  47  3:42  Pylon  
  47  3:45  Twilight Council  
  47  3:47  Probe  
  48  3:52  Phoenix (Chrono Boost)  
  48  3:53  Probe  
  51  4:00  Probe  
  52  4:04  Probe  
  52  4:05  Pylon  
  53  4:17  Probe  
  54  4:25  Resonating Glaives (Chrono Boost)  
  54  4:30  Adept x2  
  57  4:34  Adept  
  59  4:39  Probe  
  59  4:41  Probe  
  59  4:43  Pylon, Nexus  
  61  4:46  Pylon  
  61  4:49  Mothership Core  
  63  4:53  Probe  
  63  4:54  Pylon  
  64  5:00  Adept x3  
  64  5:05  Probe  
  64  5:06  Pylon  
  71  5:08  Probe  
  72  5:14  Assimilator  
  72  5:17  Probe  
  72  5:18  Assimilator  
  72  5:19  Probe  
  74  5:22  Adept x2  
  74  5:23  Adept  
  80  5:29  Probe x2  
  82  5:40  Probe  
  82  5:41  Probe  
  84  5:47  Adept x3  
  84  5:49  Pylon  
  90  5:50  Probe  
  90  5:53  Probe  
  90  5:57  Probe  
  90  6:01  Probe  
  82  6:05  Probe  
  82  6:08  Probe  
  80  6:12  Probe  
  80  6:14  Adept  
  80  6:15  Adept x2  
  80  6:18  Probe x2  
  81  6:22  Probe  
  83  6:27  Robotics Facility x2  
  83  6:29  Probe  
  83  6:30  Probe  
  79  6:33  Probe  
  79  6:37  Forge, Gateway  
  79  6:38  Gateway  
  79  6:39  Adept x2  
  84  6:42  Charge (Chrono Boost), Probe x2, Gateway  
  86  6:48  Assimilator  
  86  6:49  Probe  
  86  6:52  Assimilator  
  87  6:55  Adept  
  87  7:00  Adept x2  
  83  7:02  Probe x2, Protoss Ground Weapons Level 1 (Chrono Boost)  
  80  7:17  Warp Prism (Chrono Boost)  
  80  7:21  Observer (Chrono Boost)  
  80  7:22  Photon Cannon  
  83  7:25  Gateway x2  
  83  7:27  Templar Archives  
  83  7:28  Gateway  
  83  7:29  Adept x2  
  87  7:34  Adept  
  89  7:38  Pylon  
  89  7:42  Zealot  
  89  7:43  Sentry  
  89  7:44  Sentry  
  99  7:46  Immortal (Chrono Boost)  
  99  7:48  Probe  
  99  7:50  Pylon  
  100  7:59  Psionic Storm  
  100  8:03  Pylon  
  104  8:13  High Templar  
  104  8:14  High Templar  
  104  8:23  Pylon, Nexus  
  108  8:29  Zealot x6  
  108  8:32  Immortal (Chrono Boost)  
  112  8:36  Immortal (Chrono Boost)  
  116  8:46  High Templar x2  
  116  8:48  Probe x2  
  116  8:49  Photon Cannon  
  116  8:52  Photon Cannon  
  118  8:56  Protoss Ground Weapons Level 2  
  118  9:00  High Templar x2  
  116  9:05  Immortal  
  116  9:06  Photon Cannon x2  
  110  9:10  Probe x2  
  110  9:11  Probe  
  110  9:13  Pylon  
  117  9:21  Assimilator  
  117  9:25  Photon Cannon  
  117  9:26  Pylon, Assimilator  
  117  9:33  Probe  
  117  9:34  Probe x2  
  117  9:36  Zealot x2, High Templar x2  
  117  9:37  Zealot  
  130  9:40  Archon  
  130  9:41  Zealot  
  130  9:42  Immortal  
  135  9:53  Immortal  
  135  9:59  High Templar x2  
  143  10:01  Photon Cannon x2  
  143  10:04  Archon  
  143  10:16  Immortal  
  143  10:17  Photon Cannon, High Templar  
  143  10:18  Zealot, High Templar  
  143  10:19  Zealot x2  
  143  10:20  Pylon  
  157  10:22  Archon  
  157  10:32  Immortal  
  157  10:34  Archon  
  151  10:44  Pylon  
  151  10:47  Pylon  
  151  10:49  Zealot x4  
  157  10:50  Zealot x4, Immortal  
  169  10:57  Zealot  
  171  11:07  Fleet Beacon  
  171  11:10  High Templar x4  
  179  11:11  Zealot x3  
  179  11:13  Pylon  
  179  11:15  Archon x2  
  179  11:16  Pylon  
  185  11:22  Pylon  
  185  11:26  High Templar  
  185  11:29  Immortal  
  185  11:30  Immortal  
  178  11:41  Archon  
  178  11:42  Zealot x4  
  185  11:47  Zealot x2  
  177  11:58  Zealot x2  
  167  12:08  Immortal  
  167  12:10  Pylon  
  167  12:12  High Templar x4  
  171  12:16  Archon x2  
  171  12:19  Immortal  
  169  12:23  Zealot x2  
  169  12:37  Mothership Core  
  169  12:40  Zealot  
  171  12:45  Zealot x2  
  171  12:47  Nexus  
  171  12:48  Pylon  
  175  12:53  Zealot x3  
  181  13:01  Zealot x3  
  174  13:11  Observer  
  166  13:14  Observer  
  166  13:16  Zealot x3  
  166  13:17  Zealot x2  
  172  13:21  Zealot  
  172  13:22  Zealot  
  172  13:39  Nexus  
Show
View Real Time Build Order
Export as new Build Order

Bly Zerg 

Build Orders: Hatch First, Lurkers 

Get SALT Encoding   

  12  0:01  Drone  
  13  0:12  Overlord  
  13  0:18  Drone  
  14  0:31  Drone x2  
  14  0:34  Drone  
  17  0:51  Hatchery  
  17  0:56  Drone  
  17  0:58  Drone  
  17  1:00  Extractor  
  17  1:16  Spawning Pool  
  17  1:17  Drone  
  17  1:20  Drone  
  18  1:33  Drone  
  19  1:40  Overlord  
  19  1:50  Drone  
  20  2:03  Queen x2  
  20  2:04  Zergling x4  
  26  2:09  Metabolic Boost  
  26  2:13  Drone  
  27  2:15  Drone  
  28  2:23  Drone  
  29  2:37  Hatchery  
  28  2:44  Evolution Chamber  
  28  2:45  Zergling x2  
  28  2:46  Zergling x2  
  29  2:59  Drone x2  
  29  3:00  Drone x2, Overlord  
  33  3:10  Drone x2  
  35  3:16  Drone  
  36  3:21  Drone x4  
  36  3:23  Drone  
  41  3:29  Drone  
  41  3:30  Overlord  
  42  3:35  Queen  
  44  3:47  Queen, Overlord  
  46  3:51  Drone x2  
  46  3:52  Drone x2  
  50  4:02  Drone x6  
  54  4:04  Drone  
  54  4:06  Zerg Melee Weapons Level 1  
  55  4:19  Overlord  
  55  4:21  Drone x2  
  55  4:22  Drone  
  58  4:35  Overlord x2  
  57  4:39  Zergling x8  
  57  4:40  Zergling x2  
  57  4:42  Zergling x2  
  63  4:46  Zergling x4  
  63  4:52  Overlord  
  65  4:56  Overlord  
  65  5:05  Zergling x18  
  74  5:11  Baneling Nest, Extractor, Lair  
  72  5:19  Drone x3  
  72  5:38  Hatchery, Zergling x16  
  72  5:39  Zergling x6  
  81  5:48  Zergling x6  
  82  5:52  Zergling x2  
  82  5:53  Zergling x4  
  67  6:04  Zergling x2  
  67  6:05  Zergling x16  
  69  6:18  Zergling x4  
  69  6:19  Zergling x4  
  67  6:26  Drone  
  67  6:27  Drone  
  67  6:28  Drone  
  64  6:35  Drone x2  
  64  6:37  Zerg Melee Weapons Level 2  
  66  6:40  Drone  
  66  6:41  Drone  
  66  6:46  Drone  
  66  6:57  Drone x2  
  66  6:59  Drone x2  
  59  7:02  Drone x2  
  59  7:05  Drone x3  
  59  7:06  Drone x2  
  66  7:15  Drone x7  
  67  7:16  Drone  
  67  7:22  Centrifical Hooks, Drone x3  
  72  7:23  Extractor, Hydralisk Den  
  72  7:24  Extractor  
  72  7:25  Drone  
  70  7:31  Hatchery  
  70  7:33  Overseer  
  70  7:34  Zergling x6  
  72  7:40  Extractor, Zergling x4  
  72  7:41  Extractor  
  72  7:53  Muscular Augments  
  72  7:56  Drone x3  
  72  7:57  Drone x3  
  78  8:04  Hydralisk x4  
  86  8:06  Zergling x8  
  88  8:14  Hydralisk  
  88  8:16  Drone  
  88  8:17  Drone x7  
  88  8:18  Overlord x5  
  94  8:35  Hydralisk  
  94  8:38  Zergling x12  
  89  8:49  Zergling x6  
  89  8:50  Zergling x18  
  96  8:55  Zergling x2  
  96  8:56  Zergling x4  
  96  8:59  Extractor, Hydralisk  
  96  9:00  Hydralisk x2  
  96  9:02  Extractor  
  96  9:15  Zerg Missile Weapons Level 1  
  96  9:18  Drone x2  
  96  9:21  Drone x3  
  96  9:22  Drone x5  
  96  9:23  Drone x5  
  111  9:25  Baneling x12  
  111  9:26  Baneling x3  
  111  9:28  Overlord  
  110  9:47  Hydralisk  
  110  9:48  Hydralisk x8  
  110  9:49  Zergling x2  
  129  10:09  Hydralisk x8  
  129  10:10  Hydralisk  
  129  10:12  Lurker Den  
  124  10:37  Zergling x20  
  124  10:38  Zergling x22  
  143  10:53  Zergling x14  
  142  11:06  Zergling x14  
  149  11:11  Baneling  
  149  11:12  Baneling x28  
  149  11:13  Baneling x8  
  149  11:14  Overlord  
  149  11:23  Baneling x7  
  137  11:40  Hydralisk  
  137  11:41  Hydralisk x6  
  137  11:46  Zergling x14  
  101  12:04  Zergling x20  
  101  12:05  Zergling x6  
  110  12:24  Hatchery  
  104  12:35  Baneling  
  104  12:36  Overseer, Baneling x8  
  104  12:42  Baneling  
  104  12:43  Baneling x4  
  100  12:49  Hydralisk x3  
  106  12:59  Lurker x5  
  106  13:01  Lurker  
  71  13:13  Hydralisk x6  
Tags
 
Add a new tag
Caveats
  • Supply blocks, unpowered buildings, or Contaminate may cause inaccurate times.
  • Supply counts are checked every 10 seconds.